 Dungeon Crawl Stone Soup version 0.30-a0-1114-gd936c97349 (webtiles) character file.

Game seed: 10967562556705070373

1404 IdlyInterested the Fighter (level 8, 0/71 HPs)
             Began as a Demonspawn Fighter on Apr 20, 2023.
             Killed from afar by Sigmund (4 damage)
             ... with a magic dart
             ... on level 5 of the Dungeon.
             The game lasted 00:14:20 (4532 turns).

IdlyInterested the Fighter (Demonspawn Fighter)     Turns: 4532, Time: 00:14:21

Health: 0/71       AC: 14    Str: 16    XL:     8   Next: 42%
Magic:  10/10      EV: 10    Int: 12    God:
Gold:   236        SH:  5    Dex: 15    Spells: 10/10 levels left

rFire   + . .      SeeInvis .    r - +7 flail "Kydeacw" {flame, Int+2}
rCold   . . .      Faith    .    c - +0 buckler
rNeg    . . .      Spirit   .    C - +3 chain mail {rF+}
rPois   .          Reflect  .    (helmet restricted)
rElec   .          Rampage  .    L - +0 cloak
rCorr   .                        j - +0 pair of gloves
Will    .....                    (no boots) Stlth
                                 (no amulet)
HPRegen 0.31/turn                (no ring)
MPRegen 0.24/turn                (no ring)

@: no status effects
A: antennae 2, repulsion field 2, demonic guardian 1, magic regeneration
a: no special abilities


You were on level 5 of the Dungeon.
You visited 1 branch of the dungeon, and saw 5 of its levels.

You collected 236 gold pieces.

Inventory:

Hand Weapons
 a - a +0 war axe
 r - the +7 flail "Kydeacw" (weapon) {flame, Int+2}
   (You found it on level 2 of the Dungeon)

   Int:       It affects your intelligence (+2).
 s - a +2 vampiric dagger
 w - a +0 hand axe
 G - a +0 heavy battleaxe
Missiles
 b - 3 poisoned darts
 m - 26 stones (quivered)
 u - 2 boomerangs
Armour
 c - a +0 buckler (worn)
 j - a +0 pair of gloves (worn)
 v - a +0 pair of gloves
 C - a +3 chain mail of fire resistance (worn)
 F - a +2 leather armour of willpower
 H - a +0 pair of gloves
 I - a +3 chain mail of cold resistance
 K - a +0 cloak
 L - a +0 cloak (worn)
Wands
 q - a wand of flame (16)
 A - a wand of light (6)
Scrolls
 f - 3 scrolls of enchant armour {unknown}
 h - 2 scrolls of noise {unknown}
 l - a scroll of vulnerability {unknown}
 o - 6 scrolls of identify {unknown}
 p - 2 scrolls of fear {unknown}
 t - a scroll of acquirement {unknown}
 y - a scroll of teleportation {unknown}
 z - a scroll of fog {unknown}
 D - a scroll of magic mapping {unknown}
Potions
 d - 2 potions of might
 e - 5 potions of heal wounds {unknown}
 g - 3 potions of degeneration {unknown}
 i - a potion of haste
 k - a potion of mutation {unknown}
 n - a potion of berserk rage {unknown}
 x - 2 potions of attraction {unknown}
 B - 2 potions of brilliance {unknown}
 E - a potion of curing {unknown}
 J - a potion of lignification {unknown}


   Skills:
 * Level 9.5 Fighting
 - Level 1.7 Axes
 - Level 1.0 Throwing
 - Level 3.0 Armour
 - Level 2.0 Dodging
 - Level 2.0 Stealth
 - Level 3.0 Shields
 + Level 1.7 Spellcasting
 - Level 2.0 Evocations


You had 10 spell levels left.
You didn't know any spells.
Your spell library contained the following spells:

 Spells                   Type           Power      Damage    Failure   Level
 Magic Dart               Conj           4%         1d3       99%         1
 Shock                    Conj/Air       4%         1d3       99%         1
 Searing Ray              Conj           2%         2d4       100%        2
 Ozocubu's Armour         Ice            1%         N/A       100%        3
 Swiftness                Air            1%         N/A       100%        3
 Vhi's Electric Charge    Tloc/Air       2%         N/A       100%        3
 Airstrike                Air            0%         2d(1-17)  100%        4
 Fulminant Prism          Conj/Hex       0%         3d5       100%        4
 Arcjolt                  Conj/Air       0%         1d10      100%        5
 Metabolic Englaciation   Hex/Ice        0%         N/A       100%        5
 Plasma Beam              Fire/Air       0%         2x1d11    100%        6
 Simulacrum               Ice/Necr       0%         N/A       100%        6


Dungeon Overview and Level Annotations

Branches:
Dungeon (5/15)
 Temple: D:4-7

Altars:
Hepliaklqana
Kikubaaqudgha
Makhleb
Trog

Annotations:
D:5 Sigmund


Innate Abilities, Weirdness & Mutations

You have a pair of antennae on your head.
You are surrounded by a moderate repulsion field. (EV +3)
A weak demonic guardian rushes to your aid.
You regenerate magic rapidly.


Message History

You sock something! You burn something.
You hear some strange, mumbled words.
Something tries to affect you, but you resist.
Something hits you but does no damage.
You barely miss something.
You hear some strange, mumbled words.
A magic dart appears from out of thin air!
The magic dart hits you!
A demonic guardian appears!
You closely miss something. Something hits you!
* * * LOW HITPOINT WARNING * * *
You hear some strange, mumbled words.
Something tries to affect you, but you resist.
You hit something. You burn something.
You hear some strange, mumbled words.
A magic dart appears from out of thin air!
The magic dart hits you but does no damage.
You hear a zap.
The roots erupt in riotous growth!
The grasping roots grab you! Roots grab your white imp.
Your white imp is constricted.
You are constricted.
* * * LOW HITPOINT WARNING * * *
You thump something! You burn something.
The roots release their grip on your white imp.
Something hits you.
* * * LOW HITPOINT WARNING * * *
You are constricted.
* * * LOW HITPOINT WARNING * * *
A demonic guardian appears!
You hear some strange, mumbled words.
A magic dart appears from out of thin air!
The magic dart hits you.
* * * LOW HITPOINT WARNING * * *
You are constricted.
* * * LOW HITPOINT WARNING * * *
The iguana hisses menacingly.
You escape the roots grasp.
Something hits you.
* * * LOW HITPOINT WARNING * * *
A magic dart appears from out of thin air!
The magic dart hits you.
You die...

### #.. #.# #.# #.#
#5# #
#..#####@####.#####
#..lSo{.5..<......#
#.#.#########......
#####


You could see an iguana, an adder, an orc, a friendly quasit (summoned) and a
friendly white imp (summoned).

Vanquished Creatures
  Grinder (D:3)
  The ghost of LutherGrant the Shield-Bearer, an amateur FoFi (D:3)
  Eustachio (D:4)
  Edmund (D:4)
  Duvessa (D:4)
  An ogre (D:4)
  A phantom (D:3)
  A scorpion (D:4)
  A wyvern skeleton (D:3)
  Dowan (D:4)
  A howler monkey (D:3)
  Crazy Yiuf (D:4)
  An orc priest (D:4)
  A centaur skeleton (D:3)
  Terence (D:3)
  An orc wizard (D:4)
  A howler monkey zombie (D:3)
  2 adders
  5 worms
  2 dart slugs
  7 orcs
  7 endoplasms
  2 giant cockroaches
  5 goblins
  5 hobgoblins
  8 quokkas
  5 ball pythons
  4 bats
  5 frilled lizards
  9 kobolds
  4 rats
87 creatures vanquished.

Vanquished Creatures (collateral kills)
  Ijyb (D:3)
1 creature vanquished.

Grand Total: 88 creatures vanquished

Notes
Turn   | Place    | Note
-------+----------+-------------------------------------------
     0 | D:1      | IdlyInterested the Demonspawn Fighter began the quest for
                  | the Orb.
     0 | D:1      | Reached XP level 1. HP: 18/18 MP: 1/1
    76 | D:1      | Gained mutation: You have a pair of small antennae on your
                  | head. [demonic ancestry]
    76 | D:1      | Reached XP level 2. HP: 15/24 MP: 2/2
   645 | D:2      | Reached skill level 1 in Dodging
   645 | D:2      | Gained mutation: A weak demonic guardian rushes to your
                  | aid. [demonic ancestry]
   645 | D:2      | Reached XP level 3. HP: 23/29 MP: 3/3
  1122 | D:2      | Reached skill level 1 in Stealth
  1362 | D:2      | Identified the +7 flail "Kydeacw" {flame, Int+2}
  1647 | D:3      | Noticed Grinder
  1658 | D:3      | Killed Grinder
  1659 | D:3      | Reached skill level 6 in Fighting
  1659 | D:3      | Reached skill level 1 in Throwing
  1659 | D:3      | Gained mutation: You are surrounded by a mild repulsion
                  | field. (EV +2) [demonic ancestry]
  1659 | D:3      | Reached XP level 4. HP: 25/40 MP: 4/4
  1659 | D:3      | Gained mutation: You are surrounded by a moderate repulsion
                  | field. (EV +3) [demonic ancestry]
  1659 | D:3      | Reached XP level 5. HP: 29/46 MP: 5/5
  1659 | D:3      | Reached XP level 6. HP: 33/52 MP: 6/6
  1775 | D:3      | Found a transporter.
  1777 | D:3      | Noticed LutherGrant's ghost (amateur FoFi)
  1817 | D:3      | Found an ancient bone altar of Kikubaaqudgha.
  2137 | D:3      | Found a transporter.
  2367 | D:3      | Found a faded altar of an unknown god.
  2414 | D:3      | Reached skill level 1 in Evocations
  2423 | D:3      | Noticed Ijyb
  2429 | D:3      | Killed Ijyb
  2433 | D:3      | Noticed Terence
  2444 | D:3      | Killed Terence
  2602 | D:3      | Found a large runed translucent door.
  2603 | D:3      | Found a large runed translucent door.
  2635 | D:3      | Found a burning altar of Makhleb.
  2635 | D:3      | Noticed a blizzard demon
  2638 | D:3      | Noticed a smoke demon
  2638 | D:3      | Noticed a ynoxinul
  2824 | D:3      | Found a hazy altar of Hepliaklqana.
  2829 | D:3      | Found a bloodstained altar of Trog.
  2893 | D:3      | Killed LutherGrant's ghost
  2894 | D:3      | Reached skill level 7 in Fighting
  2894 | D:3      | Gained mutation: You have a pair of antennae on your head.
                  | [demonic ancestry]
  2894 | D:3      | Reached XP level 7. HP: 39/60 MP: 7/7
  3214 | D:4      | Noticed Edmund
  3219 | D:4      | Killed Edmund
  3220 | D:4      | Reached skill level 8 in Fighting
  3567 | D:4      | Noticed Eustachio
  3588 | D:4      | Killed Eustachio
  3589 | D:4      | Gained mutation: You regenerate magic rapidly. [demonic
                  | ancestry]
  3589 | D:4      | Reached XP level 8. HP: 41/70 MP: 8/8
  3699 | D:4      | Reached skill level 9 in Fighting
  3887 | D:4      | Noticed Dowan
  3888 | D:4      | Noticed Duvessa
  3895 | D:4      | Killed Dowan
  3896 | D:4      | Reached skill level 1 in Spellcasting
  3905 | D:4      | Killed Duvessa
  4362 | D:4      | Found a runed translucent door.
  4363 | D:4      | Noticed Crazy Yiuf
  4370 | D:4      | Killed Crazy Yiuf
  4515 | D:5      | Entered Level 5 of the Dungeon
  4515 | D:5      | Noticed Sigmund
  4532 | D:5      | HP: 3/71 [something (2)]
  4532 | D:5      | Killed from afar by Sigmund

Illustrated notes

Levels and vault maps discovered:
D:1:      dpeg_arrival_stonehenge_12_columns, layout_rooms
D:2:      layout_loops_corners, kennysheep_generic_room_6
D:3:      layout_basic, makhleb_altar_promises_db,
          nicolae_kikubaaqudgha_miasma_corner, jmf_multi_god_temple2,
          shapermc_ecumenical_altar_notcrosses, gammafunk_ghost_mausoleum,
          minmay_pentangle, uniq_grinder, uniq_ijyb, uniq_terence
D:4:      layout_basic, uniq_edmund, uniq_eustachio, uniq_duvessa,
          uniq_crazy_yiuf_cottage
D:5:      layout_loops_ring, serial_shops, shop, uniq_sigmund

Skill      XL: |  1  2  3  4  5  6  7  8 |
---------------+-------------------------+-----
Armour         | 3 |  3.0
Shields        | 3 |  3.0
Dodging        | 1 2 |  2.0
Stealth        | 1 2 |  2.0
Fighting       | 6 7 8 9 |  9.5
Throwing       | 1 |  1.0
Evocations     | 1 2 |  2.0
Spellcasting   | 1 |  1.7
Axes           | |  1.7

Action                     |  1- 3 |  4- 6 |  7- 9 || total
---------------------------+-------+-------+-------++-------
  Melee: War axe           |    85 |       |       ||    85
         Flail             |    13 |    70 |    80 ||   163
  Throw: Stone             |       |     1 |       ||     1
         Dart              |       |       |     1 ||     1
  Evoke: Wand              |       |       |     1 ||     1
    Use: Potion            |       |     1 |       ||     1
   Stab: Invisible         |       |       |     1 ||     1
 Armour: Scale mail        |    47 |    17 |       ||    64
         Chain mail        |       |    20 |    66 ||    86
  Dodge: Dodged            |    47 |    47 |    53 ||   147
  Block: Buckler           |    20 |    28 |    26 ||    74

Table legend: (Time is in decaauts)
 A = Elapsed time spent in this place.
 B = Non-inter-level travel time spent in this place.
 C = Inter-level travel time spent in this place.
 D = Time resting spent in this place.
 E = Time spent auto-exploring this place.
 F = Levels seen in this place.
 G = Mean time per level.
                   A        B        C        D        E       F      G
               +--------+--------+--------+--------+--------+-----+--------+
         Total |   4635 |   4139 |    496 |    358 |   2607 |   5 |  927.0 |
       Dungeon |   4635 |   4139 |    496 |    358 |   2607 |   5 |  927.0 |
               +--------+--------+--------+--------+--------+-----+--------+

Top non-repeatable levels by time:
     D:3: 1593 daAuts
     D:4: 1331 daAuts
     D:2: 1079 daAuts
     D:1: 612 daAuts
     D:5: 18 daAuts
